 Dungeon Crawl Stone Soup version 0.29-a0-409-gd843f3a48c (webtiles) character file.

Game seed: 1650888621912540833

1583 IndexError the Chiller (level 8, -6/59 (60) HPs)
             Began as a Gnoll Ice Elementalist on May 13, 2022.
             Mangled by a gnoll
             ... wielding a +0 spear
              (7 damage)
             ... on level 6 of the Dungeon.
             The game lasted 00:10:33 (6473 turns).

IndexError the Chiller (Gnoll Ice Elementalist)     Turns: 6473, Time: 00:10:34

HP:   -6/59 (60)    AC: 14    Str:  7    XL:     8   Next: 92%
MP:   15/18         EV: 13    Int: 16    God:
Gold: 286           SH:  0    Dex: 14    Spells: 13/20 levels left

rFire   + + .      SeeInvis .   Y - +7 Throatcutter {drain, coup de grace}
rCold   . . .      Faith    .   (no shield)
rNeg    . . .      Spirit   .   j - +2 leather armour {Will+}
rPois   +          Reflect  .   r - +0 helmet
rElec   .          Harm     .   N - +0 cloak
rCorr   +          Rampage  .   Z - +0 pair of gloves
Will    ++...                   (no boots)
Stlth   +++.......              C - amulet of magic regeneration
HPRegen 0.19/turn               w - ring of resist corrosion
MPRegen 0.56/turn               G - ring "Fafoofocsa" {*Slow rPois rF++ Will+}

@: ice-armoured, freezing walls, studying Spellcasting, lightly drained
A: fangs 1, strong nose, distributed training
a: no special abilities


You were on level 6 of the Dungeon.
You visited 2 branches of the dungeon, and saw 7 of its levels.

You collected 286 gold pieces.

Inventory:

Hand Weapons
 h - a +2 whip of electrocution
   (You took it off a kobold on level 1 of the Dungeon)
 Y - the +7 Throatcutter (weapon) {drain, coup de grace}
   (You found it on level 6 of the Dungeon)

   A truly terrible weapon, it drains the life of any living foe it strikes.
   It may instantly kill foes which have little health.
Missiles
 y - a curare-tipped dart
 A - 11 boomerangs
Armour
 a - a +0 robe
 e - a +0 ring mail
   (You found it on level 1 of the Dungeon)
 j - a +2 leather armour of willpower (worn)
   (You found it on level 1 of the Dungeon)
 m - a +0 robe
   (You found it on level 1 of the Dungeon)
 n - a +0 robe
   (You took it off Jessica on level 2 of the Dungeon)
 r - a +0 helmet (worn)
   (You took it off Robin on level 2 of the Dungeon)
 u - a +0 leather armour
   (You found it on level 2 of the Dungeon)
 v - a +2 robe of willpower
   (You took it off Sigmund on level 2 of the Dungeon)
 x - a +0 robe
   (You found it on level 3 of the Dungeon)
 B - a +0 ring mail
   (You found it on level 3 of the Dungeon)
 D - a +0 ring mail
   (You took it off an orc on level 3 of the Dungeon)
 E - a +0 leather armour
   (You took it off Ijyb on level 3 of the Dungeon)
 H - a +0 scale mail
   (You took it off an orc on level 4 of the Dungeon)
 K - a +0 robe
   (You took it off a wight on level 4 of the Dungeon)
 M - a +0 robe
   (You found it on level 4 of the Dungeon)
 N - a +0 cloak (worn)
   (You found it on level 4 of the Dungeon)
 O - the +5 ring mail of Reirgh {Drain rF+ Will+ Stlth+}
   (You found it on level 4 of the Dungeon)

   rF:        It protects you from fire.
   Drain:     It drains your maximum health when unequipped.
   Will:      It increases your willpower.
   Stlth:     It makes you more stealthy.
 R - a +0 ring mail
   (You found it on level 5 of the Dungeon)
 S - a +0 leather armour
   (You took it off an orc on level 5 of the Dungeon)
 T - a +0 leather armour
   (You took it off an orc on level 5 of the Dungeon)
 U - a +0 leather armour
   (You took it off an orc on level 5 of the Dungeon)
 V - a scarf of repulsion
   (You found it on level 5 of the Dungeon)
 W - a +0 leather armour
   (You took it off an orc on level 5 of the Dungeon)
 Z - a +0 pair of gloves (worn)
   (You found it on level 5 of the Dungeon)
Jewellery
 k - a ring of ice {rC+, rF-}
   (You found it on level 1 of the Dungeon)
 w - a ring of resist corrosion (left hand)
   (You found it on level 3 of the Dungeon)
 C - an amulet of magic regeneration (around neck)
   (You found it on level 3 of the Dungeon)
 G - the ring "Fafoofocsa" (right hand) {*Slow rPois rF++ Will+}
   (You found it on level 3 of the Dungeon)

   [ring of willpower]

   rF:        It greatly protects you from fire.
   rPois:     It protects you from poison.
   *Slow:     It may slow you when you take damage.
   Will:      It increases your willpower.
Wands
 F - a wand of acid (5)
   (You took it off Ijyb on level 3 of the Dungeon)
Scrolls
 c - 2 scrolls of teleportation {unknown}
 d - 3 scrolls of amnesia {unknown}
 f - 5 scrolls of identify {unknown}
 g - 3 scrolls of magic mapping {unknown}
 i - a scroll of acquirement {unknown}
 p - 2 scrolls of torment {unknown}
 L - 2 scrolls of fear {unknown}
 P - a scroll of blinking {unknown}
Potions
 b - 3 potions of magic
 l - a potion of invisibility {unknown}
 o - 4 potions of haste
 q - a potion of brilliance {unknown}
 s - a potion of lignification {unknown}
 t - 3 potions of degeneration {unknown}
 I - a potion of flight {unknown}
 J - a potion of curing {unknown}
 Q - a potion of mutation {unknown}
 X - a potion of attraction {unknown}


   Skills:
 + Level 3.7 Fighting
 + Level 3.7 Short Blades
 + Level 3.7 Long Blades
 + Level 3.7 Axes
 + Level 3.7 Maces & Flails
 + Level 3.7 Polearms
 + Level 3.7 Staves
 + Level 3.7 Slings
 + Level 3.7 Bows
 + Level 3.7 Crossbows
 + Level 3.7 Throwing
 + Level 3.7 Armour
 + Level 5.9 Dodging
 + Level 5.6 Stealth
 + Level 3.7 Shields
 + Level 3.7 Unarmed Combat
 + Level 6.8 Spellcasting
 + Level 3.0 Conjurations
 + Level 3.0 Hexes
 + Level 3.0 Summonings
 + Level 3.0 Necromancy
 + Level 3.0 Translocations
 + Level 3.0 Transmutations
 + Level 3.0 Fire Magic
 + Level 7.8 Ice Magic
 + Level 3.0 Air Magic
 + Level 3.0 Earth Magic
 + Level 3.0 Poison Magic
 + Level 4.0 Invocations
 + Level 3.7 Evocations


You had 13 spell levels left.
You knew the following spells:

 Your Spells              Type           Power      Damage    Failure   Level
a - Freeze                Ice            100%       1d11      1%          1
b - Frozen Ramparts       Ice            60%        1d8       2%          3
A - Ozocubu's Armour      Ice            30%        N/A       2%          3

Your spell library contained the following spells:

 Spells                   Type           Power      Damage    Failure   Level
 Foxfire                  Conj/Fire      60%        2x1d7     5%          1
 Slow                     Hex            60%        N/A       5%          1
 Summon Small Mammal      Summ           60%        N/A       5%          1
 Call Canine Familiar     Summ           15%        N/A       16%         3
 Confusing Touch          Hex            15%        N/A       16%         3
 Conjure Flame            Conj/Fire      15%        6-21      16%         3
 Inner Flame              Hex/Fire       15%        N/A       16%         3
 Summon Guardian Golem    Hex/Summ       15%        N/A       16%         3
 Vampiric Draining        Necr           15%        2d7       16%         3
 Hailstorm                Conj/Ice       22%        3d7       21%         4
 Flame Wave               Conj/Fire      15%        2d6       45%         4
 Metabolic Englaciation   Hex/Ice        11%        N/A       50%         5
 Simulacrum               Ice/Necr       11%        N/A       97%         6
 Conjure Ball Lightning   Conj/Air       7%         3x3d6     100%        6
 Discord                  Hex            7%         N/A       100%        8
 Disjunction              Tloc           7%         N/A       100%        8


Dungeon Overview and Level Annotations

Branches:
Dungeon (6/15)             Temple (1/1) D:5

Altars:
Cheibriados
Dithmenos
Elyvilon
Fedhas
Gozag
Hepliaklqana
Kikubaaqudgha
Sif Muna
Trog
Uskayaw
Vehumet
Xom
Yredelemnul
Zin
The Shining One
Jiyva


Innate Abilities, Weirdness & Mutations

You have very sharp teeth.
Your uncanny sense of smell can sniff out nearby items.
Your experience applies equally to all skills.


Message History

Confirm with . or Enter, or press ? or * to list all spells.
Casting: Frozen Ramparts (dangerous; 2% risk of failure)
Press: ? - help, Dir - look around, f - activate The walls around you are covered in ice.
The wall freezes the gnoll.
The gnoll closely misses you.
The wall freezes the orc wizard.
Warning x3: The gnoll can hit for moderate damage in melee, and throws nets!
The orc wizard might cast Slow, Confuse, Throw Frost, or go Invisible! x2
You now have 13/18 mp.
You slash the orc wizard! You drain the orc wizard.
The wall freezes the orc wizard!
The wall freezes the orc.
The wall freezes the gnoll.
The gnoll barely misses you.
The wall freezes the orc wizard!
The orc wizard casts a spell.
The orc wizard flickers and vanishes!
Deactivating autopickup; reactivate with Ctrl-A.
The wall freezes the kobold.
The wall freezes the orc warrior.
The wall freezes the gnoll.
The gnoll hits you but does no damage.
Warning x2: The gnoll can hit for moderate damage in melee, and throws nets!
The orc warrior can hit for high damage!
You hit the kobold.
The wall freezes something.
The wall freezes the orc!
The wall freezes the kobold.
Warning x2: The gnoll can hit for moderate damage in melee, and throws nets!
The orc warrior can hit for high damage!
Your icy armour cracks and falls away as you move.
The frozen ramparts melt away as you move.
The gnoll hits you from afar with a +0 spear!
A kobold comes into view. It is wielding a +0 dagger.
Something hits you.
You feel drained.
The orc warrior hits you with a +0 trident!
Things that are here:
a +0 dagger; a +0 robe Warning x3: The gnoll can hit for moderate damage in melee, and throws nets! x2
The orc warrior can hit for high damage!
You take 21 damage, and have 38/58 hp.
MASSIVE DAMAGE!!
The orc warrior attacks as you move away!
The orc warrior closely misses you.
The gnoll hits you from afar with a +0 spear.
Something hits you.
You feel drained. The orc warrior barely misses you.
Warning x2: The gnoll can hit for moderate damage in melee, and throws nets!
The orc warrior can hit for high damage!
You take 7 damage, and have 31/57 hp.
Something hits you.
You feel drained.
A magic dart appears from out of thin air!
The magic dart hits you but does no damage.
You see here a +0 short sword.
You take 5 damage, and have 26/56 hp.
Casting: Frozen Ramparts (dangerous; 2% risk of failure)
Confirm with . or Enter, or press ? or * to list all spells.
A film of ice covers your body! The gnoll hits you but does no damage.
Warning x2: The gnoll can hit for moderate damage in melee, and throws nets! x2
You now have 14/18 mp.
Casting: Ozocubu's Armour (dangerous; 2% risk of failure)
Confirm with . or Enter, or press ? or * to list all spells.
Casting: Frozen Ramparts (dangerous; 2% risk of failure)
Press: ? - help, Dir - look around, f - activate The walls around you are covered in ice.
You hear a shout!
The wall freezes the gnoll!
The gnoll hits you but does no damage.
The wall freezes something!
Reactivating autopickup.
You feel a bit more experienced.
A kobold comes into view. It is wielding a +0 dagger.
You hear a shout!
Warning x2: The gnoll can hit for moderate damage in melee, and throws nets! x2
You now have 11/18 mp.
Your icy armour and frozen ramparts will break if you move.
Continue?
Okay, then.
The wall freezes the kobold brigand.
The wall freezes the gnoll.
The gnoll closely misses you.
You hit the kobold brigand. You drain the kobold brigand.
The wall freezes the kobold brigand.
The kobold brigand hits you with a +0 whip.
The wall freezes the gnoll.
Warning x2: The gnoll can hit for moderate damage in melee, and throws nets!
The orc warrior can hit for high damage!
You take 3 damage, and have 24/59 hp.
You completely miss the kobold brigand.
The wall freezes the kobold brigand.
The kobold brigand closely misses you.
The wall freezes the orc warrior.
The orc warrior hits you but does no damage.
The wall freezes the kobold.
The kobold misses you.
Warning x2: The gnoll can hit for moderate damage in melee, and throws nets!
The orc warrior can hit for high damage!
You barely miss the kobold brigand. Your punch misses the kobold brigand.
The wall freezes the kobold brigand.
The kobold brigand closely misses you.
The wall freezes the orc warrior.
The orc warrior hits you from afar with a +0 trident!
* * * LOW HITPOINT WARNING * * *
The wall freezes the kobold!
Warning x2: The gnoll can hit for moderate damage in melee, and throws nets!
The orc warrior can hit for high damage!
You take 7 damage, and have 17/59 hp.
You closely miss the kobold brigand.
The wall freezes the kobold brigand.
The kobold brigand hits you but does no damage.
The wall freezes the gnoll.
The gnoll misses you.
The wall freezes the orc warrior.
The orc warrior hits you from afar with a +0 trident!
* * * LOW HITPOINT WARNING * * *
The wall freezes the kobold brigand.
The kobold brigand barely misses you.
The wall freezes the gnoll.
The gnoll hits you but does no damage.
The wall freezes the orc warrior.
The orc warrior hits you from afar with a +0 trident.
* * * LOW HITPOINT WARNING * * *
Danger x4: gnoll x3, orc warrior!
You take 16 damage, and have 1/59 hp.
MASSIVE DAMAGE!!
You slash the kobold brigand!
The wall freezes the gnoll.
The gnoll hits you from afar with a +0 spear!
You die...

...... #.......#
g...K.##.......# ..
.Kg.$..#.......# ##..
..K.g..g.......# #.!..
.KKooo.)..?....##...#
.....##K.......#....# ...
#go..........#
.....#)#....(.....# .
......#@#.......#..#### .. #.
......g.###..#........# ..####..
.......#####..........# .......
##.....###....#......... ......#
##..##.#..)##.#.......##
......####...##.#.####.........#
......##...#.#....# ##..........
............[.).### ##......>..
.......##.......# ........#.


You could see an orc warrior, 3 gnolls and a kobold.

Vanquished Creatures
  Sigmund (D:2)
  Menkaure (D:5)
  An ogre (D:4)
  2 bullfrogs
  2 kobold brigands
  2 necrophages (D:5)
  A scorpion (D:3)
  A wight (D:4)
  3 killer bees (D:5)
  A centaur zombie (D:4)
  2 hounds
  2 orc priests (D:3)
  Jessica (D:2)
  Natasha (thrice) (D:4)
  3 iguanas
  2 orc wizards (D:6)
  A scorpion zombie (D:4)
  Ijyb (D:3)
  Robin (D:2)
  4 gnolls
  5 adders
  An ufetubus (D:6)
  2 worms
  2 dart slugs
  16 orcs
  6 endoplasms
  5 giant cockroaches
  8 hobgoblins
  2 jackals (D:3)
  5 quokkas
  6 ball pythons
  8 bats
  3 frilled lizards
  22 goblins
  7 kobolds
  2 rats (D:3)
135 creatures vanquished.

Notes
Turn   | Place    | Note
-------+----------+-------------------------------------------
     0 | D:1      | IndexError the Gnoll Ice Elementalist began the quest for
                  | the Orb.
     0 | D:1      | Reached XP level 1. HP: 13/13 MP: 6/6
   151 | D:1      | Reached XP level 2. HP: 19/19 MP: 7/7
   578 | D:1      | Reached XP level 3. HP: 14/25 MP: 5/9
   733 | D:1      | Learned a level 3 spell: Frozen Ramparts
   737 | D:1      | Learned a level 3 spell: Ozocubu's Armour
   772 | D:1      | Reached skill level 5 in Spellcasting
  1029 | D:2      | Noticed Jessica
  1033 | D:2      | Killed Jessica
  1034 | D:2      | Reached skill level 1 in Fighting
  1034 | D:2      | Reached skill level 1 in Short Blades
  1034 | D:2      | Reached skill level 1 in Long Blades
  1034 | D:2      | Reached skill level 1 in Axes
  1034 | D:2      | Reached skill level 1 in Maces & Flails
  1034 | D:2      | Reached skill level 1 in Polearms
  1034 | D:2      | Reached skill level 1 in Staves
  1034 | D:2      | Reached skill level 1 in Slings
  1034 | D:2      | Reached skill level 1 in Bows
  1034 | D:2      | Reached skill level 1 in Crossbows
  1034 | D:2      | Reached skill level 1 in Throwing
  1034 | D:2      | Reached skill level 1 in Armour
  1034 | D:2      | Reached skill level 1 in Shields
  1034 | D:2      | Reached skill level 1 in Unarmed Combat
  1034 | D:2      | Reached skill level 1 in Invocations
  1034 | D:2      | Reached skill level 1 in Evocations
  1034 | D:2      | Reached XP level 4. HP: 31/32 MP: 9/11
  1180 | D:2      | Noticed Robin
  1198 | D:2      | Killed Robin
  1219 | D:2      | Reached skill level 1 in Conjurations
  1219 | D:2      | Reached skill level 1 in Hexes
  1219 | D:2      | Reached skill level 1 in Summonings
  1219 | D:2      | Reached skill level 1 in Necromancy
  1219 | D:2      | Reached skill level 1 in Translocations
  1219 | D:2      | Reached skill level 1 in Transmutations
  1219 | D:2      | Reached skill level 1 in Fire Magic
  1219 | D:2      | Reached skill level 1 in Air Magic
  1219 | D:2      | Reached skill level 1 in Earth Magic
  1219 | D:2      | Reached skill level 1 in Poison Magic
  1437 | D:2      | Found a faded altar of an unknown god.
  1582 | D:2      | Reached XP level 5. HP: 31/37 MP: 12/12
  1634 | D:2      | Noticed Sigmund
  1650 | D:2      | Killed Sigmund
  1651 | D:2      | Reached skill level 2 in Invocations
  1651 | D:2      | Reached XP level 6. HP: 44/44 MP: 2/14
  2266 | D:3      | Reached skill level 2 in Fighting
  2266 | D:3      | Reached skill level 2 in Short Blades
  2266 | D:3      | Reached skill level 2 in Long Blades
  2266 | D:3      | Reached skill level 2 in Axes
  2266 | D:3      | Reached skill level 2 in Maces & Flails
  2266 | D:3      | Reached skill level 2 in Polearms
  2266 | D:3      | Reached skill level 2 in Staves
  2266 | D:3      | Reached skill level 2 in Slings
  2266 | D:3      | Reached skill level 2 in Bows
  2266 | D:3      | Reached skill level 2 in Crossbows
  2266 | D:3      | Reached skill level 2 in Throwing
  2266 | D:3      | Reached skill level 2 in Armour
  2266 | D:3      | Reached skill level 5 in Dodging
  2266 | D:3      | Reached skill level 2 in Shields
  2266 | D:3      | Reached skill level 2 in Unarmed Combat
  2266 | D:3      | Reached skill level 2 in Evocations
  2271 | D:3      | Noticed Ijyb
  2617 | D:3      | Found a snail-covered altar of Cheibriados.
  2629 | D:3      | Reached XP level 7. HP: 38/50 MP: 9/15
  3138 | D:3      | Killed Ijyb
  3154 | D:3      | Identified the ring "Fafoofocsa" {*Slow rPois rF++ Will+}
  3306 | D:4      | Reached skill level 2 in Conjurations
  3306 | D:4      | Reached skill level 2 in Hexes
  3306 | D:4      | Reached skill level 2 in Summonings
  3306 | D:4      | Reached skill level 2 in Necromancy
  3306 | D:4      | Reached skill level 2 in Translocations
  3306 | D:4      | Reached skill level 2 in Transmutations
  3306 | D:4      | Reached skill level 2 in Fire Magic
  3306 | D:4      | Reached skill level 2 in Air Magic
  3306 | D:4      | Reached skill level 2 in Earth Magic
  3306 | D:4      | Reached skill level 2 in Poison Magic
  3837 | D:4      | HP: 8/51 [ogre/+0 giant club (20)]
  3839 | D:4      | Reached skill level 5 in Stealth
  3839 | D:4      | Reached skill level 3 in Invocations
  4444 | D:4      | Noticed Natasha
  4452 | D:4      | Killed Natasha
  4713 | D:4      | Reached skill level 6 in Spellcasting
  4713 | D:4      | Reached XP level 8. HP: 43/56 MP: 15/17
  4785 | D:4      | Identified the +5 ring mail of Reirgh {Drain rF+ Will+
                  | Stlth+}
  4806 | D:4      | Noticed Natasha
  4820 | D:4      | Killed Natasha
  5011 | D:4      | Noticed Natasha
  5017 | D:4      | Killed Natasha
  5026 | D:4      | Reached skill level 3 in Fighting
  5026 | D:4      | Reached skill level 3 in Short Blades
  5026 | D:4      | Reached skill level 3 in Long Blades
  5026 | D:4      | Reached skill level 3 in Axes
  5026 | D:4      | Reached skill level 3 in Maces & Flails
  5026 | D:4      | Reached skill level 3 in Polearms
  5026 | D:4      | Reached skill level 3 in Staves
  5026 | D:4      | Reached skill level 3 in Slings
  5026 | D:4      | Reached skill level 3 in Bows
  5026 | D:4      | Reached skill level 3 in Crossbows
  5026 | D:4      | Reached skill level 3 in Throwing
  5026 | D:4      | Reached skill level 3 in Armour
  5026 | D:4      | Reached skill level 3 in Shields
  5026 | D:4      | Reached skill level 3 in Unarmed Combat
  5026 | D:4      | Reached skill level 3 in Evocations
  5093 | D:4      | Found a basalt altar of Yredelemnul.
  5121 | D:4      | Found a hide-covered altar of Uskayaw.
  5149 | D:5      | Entered Level 5 of the Dungeon
  5161 | D:5      | Noticed Menkaure
  5231 | D:5      | Found a staircase to the Ecumenical Temple.
  5463 | D:5      | HP: 14/58 [??? (12)]
  5467 | D:5      | Killed Menkaure
  5849 | D:5      | Found a hazy altar of Hepliaklqana.
  6197 | Temple   | Entered the Ecumenical Temple
  6410 | D:6      | Reached skill level 4 in Invocations
  6417 | D:6      | Found the +7 Throatcutter {drain, coup de grace}
  6443 | D:6      | Reached skill level 3 in Conjurations
  6443 | D:6      | Reached skill level 3 in Hexes
  6443 | D:6      | Reached skill level 3 in Summonings
  6443 | D:6      | Reached skill level 3 in Necromancy
  6443 | D:6      | Reached skill level 3 in Translocations
  6443 | D:6      | Reached skill level 3 in Transmutations
  6443 | D:6      | Reached skill level 3 in Fire Magic
  6443 | D:6      | Reached skill level 3 in Air Magic
  6443 | D:6      | Reached skill level 3 in Earth Magic
  6443 | D:6      | Reached skill level 3 in Poison Magic
  6472 | D:6      | HP: 5/59 [orc warrior/+0 trident (13)]
  6472 | D:6      | HP: 1/59 [orc warrior/+0 trident (4)]
  6473 | D:6      | Mangled by a gnoll

Illustrated notes

Levels and vault maps discovered:
D:1:      co_arrival_square_in_a_square_in_a_square, layout_rooms,
          minmay_surrounded
D:2:      layout_loops_cross, shapermc_ecumenical_altar_mp_urbaneastern,
          kennysheep_boxes, uniq_jessica, uniq_robin, uniq_sigmund
D:3:      layout_basic, cheibrodos_worm_habitat, uniq_ijyb
D:4:      layout_cave_pods, nicolae_uskayaw_suspiria,
          lemuel_zombie_altar_yredelemnul, kennysheep_nondescript,
          minmay_manual_moon, uniq_natasha
D:5:      layout_cave_pools, kennysheep_mini_moat, minmay_temple_entry_trees,
          uniq_menkaure
D:6:      layout_rooms, uniq_edmund, uniq_maggie
Temple:   pf_slime_end_temple

Skill      XL: |  1  2  3  4  5  6  7  8 |
---------------+-------------------------+-----
Spellcasting   | 5 6 |  6.8
Fighting       | 1 2 3 |  3.7
Short Blades   | 1 2 3 |  3.7
Long Blades    | 1 2 3 |  3.7
Axes           | 1 2 3 |  3.7
Maces & Flails | 1 2 3 |  3.7
Polearms       | 1 2 3 |  3.7
Staves         | 1 2 3 |  3.7
Slings         | 1 2 3 |  3.7
Bows           | 1 2 3 |  3.7
Crossbows      | 1 2 3 |  3.7
Throwing       | 1 2 3 |  3.7
Armour         | 1 2 3 |  3.7
Shields        | 1 2 3 |  3.7
Unarmed Combat | 1 2 3 |  3.7
Invocations    | 1 2 3 4 |  4.0
Evocations     | 1 2 3 |  3.7
Conjurations   | 1 2 3 |  3.0
Hexes          | 1 2 3 |  3.0
Summonings     | 1 2 3 |  3.0
Necromancy     | 1 2 3 |  3.0
Translocations | 1 2 3 |  3.0
Transmutations | 1 2 3 |  3.0
Fire Magic     | 1 2 3 |  3.0
Air Magic      | 1 2 3 |  3.0
Earth Magic    | 1 2 3 |  3.0
Poison Magic   | 1 2 3 |  3.0
Dodging        | 5 |  5.9
Stealth        | 5 |  5.6
Ice Magic      | |  7.8

Action                   |  1- 3 |  4- 6 |  7- 9 || total
-------------------------+-------+-------+-------++-------
Melee: Dagger            |    11 |       |       ||    11
       Bite              |     7 |     2 |    30 ||    39
       Whip              |    38 |    69 |   193 ||   300
       Punch             |     1 |     2 |     5 ||     8
       Long sword        |       |       |     9 ||     9
 Cast: Freeze            |    16 |    14 |     9 ||    39
       Frozen Ramparts   |       |     4 |    11 ||    15
       Ozocubu's Armour  |       |     5 |    10 ||    15
 Stab: Sleeping          |     3 |     5 |     4 ||    12
       Distracted        |       |       |     1 ||     1
Armor: Robe              |    10 |       |       ||    10
       Leather armour    |       |    34 |    62 ||    96
Dodge: Dodged            |    56 |    49 |   133 ||   238

Table legend: (Time is in decaauts)
 A = Elapsed time spent in this place.
 B = Non-inter-level travel time spent in this place.
 C = Inter-level travel time spent in this place.
 D = Time resting spent in this place.
 E = Time spent auto-exploring this place.
 F = Levels seen in this place.
 G = Mean time per level.
                   A        B        C        D        E       F      G
               +--------+--------+--------+--------+--------+-----+--------+
         Total |   6496 |   5968 |    528 |      0 |   4857 |   7 |  928.0 |
       Dungeon |   6380 |   5854 |    526 |      0 |   4756 |   6 | 1063.3 |
        Temple |    115 |    113 |      2 |      0 |    101 |   1 |  115.0 |
               +--------+--------+--------+--------+--------+-----+--------+

Top non-repeatable levels by time:
     D:4: 1741 daAuts
     D:3: 1305 daAuts
     D:2: 1169 daAuts
     D:5: 1058 daAuts
     D:1: 1026 daAuts
  Temple: 115 daAuts
     D:6: 79 daAuts

Table legend:
 A = Kills in this place as a percentage of kills in entire the game.
 B = Kills by you in this place as a percentage of kills by you in the entire game.
 C = Kills by friends in this place as a percentage of kills by friends in the entire game.
 D = Other kills in this place as a percentage of other kills in the entire game.
 E = Experience gained in this place as a percentage of experience gained in the entire game.
 F = Experience gained in this place divided by the number of levels of this place that you have seen.
                   A       B       C       D       E      F
               +-------+-------+-------+-------+-------+----------------------
         Total | 100.0 | 100.0 |   N/A |   N/A | 100.0 | 337.0
       Dungeon | 100.0 | 100.0 |   N/A |   N/A | 100.0 | 393.2
               +-------+-------+-------+-------+-------+----------------------
